[Event "FIDE WSCC 50 2022"]
[Site "Assisi"]
[Date "2022.11.22"]
[Round "7.5"]
[White "Bischoff, Klaus"]
[Black "Krizsany, Laszlo"]
[Result "1/2-1/2"]
[ECO "D27"]
[WhiteElo "2479"]
[BlackElo "2371"]
[Annotator "TA"]
[PlyCount "82"]
[EventDate "2022.11.14"]
[EventType "swiss"]
[EventCountry "ITA"]
[SourceTitle "playchess.com"]
[Source "ChessBase"]
[SourceQuality "1"]
[TimeControl "40/5400+30:1800+30"]

1. d4 d5 2. c4 dxc4 3. Nf3 Nf6 4. e3 e6 5. Bxc4 c5 6. O-O a6 7. dxc5 Qxd1 8. Rxd1 Bxc5 9. Be2 {[%emt 0:04:22] 9.b3 is the hot move.} Nbd7 {[%emt 0:07:03] D27: Queen's Gambit Accepted: Classical main line: 7 e4!? and 7 a4.} 10. Nc3 b5 11. Nd4 Bb7 {[%emt 0:06:24] White has an edge.} 12. Nb3 Bb6 (12... O-O $11) 13. a4 $1 $16 b4 14. a5 bxc3 (14... Bc7 $14 15. Na2 Bd5) 15. axb6 $18 cxb2 (15... c2 $142 16. Rd2 Nxb6) 16. Bxb2 Nxb6 17. Na5 $1 Bd5 18. f3 $1 {[%emt 0:01:59][%mdl 1024] [#] White has strong compensation.} Rd8 $146 (18... e5 {was worth a try.} 19. e4 Be6 20. Bxe5 O-O) ({Predecessor:} 18... e5 19. Bxe5 Be6 20. Bd6 Nbd5 21. Ra3 Nd7 22. e4 N5b6 23. f4 g6 24. f5 gxf5 25. exf5 Bxf5 {1-0 (34) Izoria,Z (2594)-Durarbayli,V (2627) Chess.com INT 2017}) 19. Ba3 (19. Bxa6 O-O 20. Ba3 Rfe8) 19... Nfd7 20. e4 Ba8 21. Rac1 {[%emt 0:03:36] Hoping for Rc7.} (21. Bxa6 Bxe4 22. fxe4 Ra8 $18) 21... h5 22. h4 {[%emt 0:01:20] aiming for Rc7.} g5 $2 (22... Nb8 {was necessary.} 23. Rc7 Rxd1+ 24. Bxd1 f5 25. exf5 exf5) 23. hxg5 Rg8 24. Rc7 (24. Bxa6 Rxg5 25. Bb4 Nb8) 24... Rxg5 25. Bb4 h4 26. Kf2 (26. Bxa6 Rb8 27. Kh2 h3 28. gxh3 Nd5 29. exd5 Rxb4) 26... Rb8 27. Rh1 ({Better is} 27. Bxa6 $18 {Ra7 is the strong threat.} f5 28. Bb5) 27... Rh5 28. Rhc1 f5 {[%emt 0:02:51] [#]} 29. exf5 {[%emt 0:01:41] White is much more active.} Rxf5 {[%emt 0:00:47] [#]} 30. Bd3 ({Don't play} 30. Bxa6 $6 Nd5 31. Rc8+ Kf7 $14) (30. Nc4 $142 $1 {[%cal Rc4d6] And now Nd6+ would win.} Rd5 31. Ba3 (31. Nd6+ Kd8 $16)) 30... Rd5 (30... Rg5 $16) 31. Bxa6 (31. Bg6+ $18 Kd8 32. Ra7) 31... h3 32. gxh3 Rf5 33. Nb7 Bxb7 34. Bxb7 {[%emt 0:00:09] This bishop pair is nice.} Nd5 35. Rc8+ (35. Bxd5 $5 Rxd5 36. R1c4 $16) 35... Rxc8 36. Rxc8+ Kf7 37. Bd6 Rh5 38. Bc6 N7f6 39. Kg3 ({Much less strong is} 39. Rf8+ Kg7 $16) 39... Rg5+ 40. Kf2 Rh5 41. Kg3 ({Don't do} 41. Rf8+ Kg7 $16) 41... Rg5+ {[%emt 0:30:21] Black escapes into a draw.  Weighted Error Value: White=0.27 (precise) /Black=0.28 (precise)} 1/2-1/2

[Event "FIDE WSCC 50 2022"]
[Site "Assisi"]
[Date "2022.11.22"]
[Round "7.6"]
[White "Antic, Dejan"]
[Black "Teo, Kok Siong"]
[Result "1-0"]
[ECO "A35"]
[WhiteElo "2412"]
[BlackElo "2142"]
[Annotator "TA"]
[PlyCount "57"]
[EventDate "2022.11.14"]
[EventType "swiss"]
[EventCountry "ITA"]
[SourceTitle "playchess.com"]
[Source "ChessBase"]
[SourceQuality "1"]
[TimeControl "40/5400+30:1800+30"]

1. d4 g6 2. c4 Bg7 3. Nf3 d6 4. Nc3 c5 5. e3 cxd4 6. exd4 Nc6 7. Be2 h5 {[%emt 0:01:58] [#] A35: Symmetrical English: 2 Nc3 Nc6 3 Nf3.} 8. O-O $146 ({Predecessor:} 8. Be3 Nh6 9. O-O Nf5 10. Rc1 Bd7 11. d5 Ne5 12. Nd4 Nxe3 13. fxe3 Bh6 14. Qd2 Rc8 15. Ne4 Bg4 16. h3 Bxe2 17. Qxe2 O-O 18. b3 Qb6 19. Kh1 a6 20. Rcd1 Qa5 21. Rde1 Rc7 {½-½ (21) Jagodzinska,H-Jurczynska,A (2095) Bydgoszcz 1978}) 8... Nh6 9. Re1 Nf5 {[%emt 0:00:59][%cal Rf5d4] White is slightly better.} 10. d5 Ncd4 11. Bg5 O-O 12. Bd3 {[%emt 0:03:42] aiming for Nxd4.} Re8 13. Nxd4 {[%emt 0:05:50] White is more active.} Nxd4 14. Qd2 Bf5 15. Ne4 Rc8 16. Rac1 a6 17. Bf1 Bxe4 18. Rxe4 Nf5 19. g3 Qb6 20. b3 Nd4 {[%emt 0:02:14] [#] Strongly threatening ...Nf3+.} 21. Bg2 {[%emt 0:02:09] Against Nf3+. Hoping for Be3.} e5 22. dxe6 $1 fxe6 {[%emt 0:00:17][%mdl 8192] A mistake that costs the game.} (22... Nxe6 $16 23. Rce1 Be5) 23. Be3 $18 {[%emt 0:06:01] A strong pair of Bishops. White is clearly winning.} e5 24. Re1 Rf8 25. Bxd4 exd4 26. Re6 d3 27. Rxg6 {[%emt 0:01:48] [#] Bd5+ would kill now.} Rc7 28. Bd5+ Kh7 29. Ree6 {[%emt 0:01:42] Weighted Error Value: White=0.02 (flawless) /Black=0.47} 1-0

[Event "FIDE WSCC 50 2022"]
[Site "Assisi"]
[Date "2022.11.22"]
[Round "7.7"]
[White "Novik, Maxim"]
[Black "Dishman, Stephen"]
[Result "1/2-1/2"]
[ECO "B13"]
[WhiteElo "2412"]
[BlackElo "2255"]
[Annotator "TA"]
[PlyCount "90"]
[EventDate "2022.11.14"]
[EventType "swiss"]
[EventCountry "ITA"]
[SourceTitle "playchess.com"]
[Source "ChessBase"]
[SourceQuality "1"]
[TimeControl "40/5400+30:1800+30"]

1. e4 c6 2. d4 d5 3. exd5 cxd5 4. Bd3 Nf6 5. h3 Nc6 6. c3 g6 7. Nf3 {[%emt 0:00:38] B13: Caro-Kann: Exchange Variation and Panov-Botvinnik Attack.} Bf5 $1 {[%emt 0:00:08][%mdl 4] outshines the older 7...Bg7.} 8. Be2 e6 9. O-O {[%emt 0:05:07] The position is equal.} a6 10. Re1 {[%emt 0:04:31] [#]} h5 $146 ({Predecessor:} 10... h6 11. a3 Qc7 12. Nbd2 g5 13. c4 Rd8 14. c5 Ne4 15. b4 h5 16. Bb2 g4 {0-1 (46) Antipov,M (2609)-Esipenko,A (2701) Sochi 2021}) 11. Bg5 Be7 12. Nbd2 Ne4 13. Bxe7 Qxe7 14. Nxe4 Bxe4 15. Nd2 Bf5 16. Bf3 Rd8 17. Nf1 Qg5 (17... Kf8 $11) 18. Qb3 $1 $14 Bxh3 (18... O-O $1 $14) 19. Qxb7 $16 Ne7 20. Re5 {[%emt 0:03:04] White has more active pieces. The black rooks are badly placed.} Nf5 {[%emt 0:03:31] [#]} (20... Qf6 $16 {keeps fighting.}) 21. Qxa6 (21. Ng3 h4 22. Nxf5 (22. gxh3 $2 hxg3 23. Bg4 gxf2+ 24. Kxf2 Qf4+ 25. Kg1 Qg3+ 26. Kf1 O-O $19) 22... gxf5 23. Bxd5 (23. Qxa6 $2 Bxg2 24. Bxg2 h3 $19) 23... Bxg2 24. Bxg2 h3 $14) (21. Bxd5 $1 $18 {[%mdl 512] is the precise move to win. Threatens to win with f4.} O-O 22. Bb3) 21... Kf8 22. Qd3 f6 {[%emt 0:02:42] [#]} (22... Bg4 $16) 23. Ree1 $1 $18 ({Not} 23. Rxe6 Nh4 24. Rb6 Nxg2 25. Rxf6+ Qxf6 $17) 23... Nh4 24. Ng3 Nxf3+ 25. Qxf3 Bg4 26. Qe3 Qxe3 27. Rxe3 Kf7 28. f3 Bf5 29. Nxf5 gxf5 {[%emt 0:00:04][%mdl 4096] Endgame KRR-KRR} 30. a4 f4 31. Re2 h4 32. a5 h3 33. a6 hxg2 (33... e5 {might work better.} 34. a7 hxg2 35. Rxg2 Ra8) 34. Rxg2 {[%emt 0:00:01] White is clearly winning.} e5 35. b4 Ra8 36. b5 Rhb8 37. Ra5 e4 38. Kf1 Ra7 (38... exf3 $142 39. Rg4 Rc8 40. Rxf4 Rxc3) 39. Rg4 f5 40. Rxf4 Kg6 41. fxe4 fxe4 42. Ke2 {[%emt 0:00:00] Hoping for Ra1.} Kg5 {[%emt 0:01:31] [#]} 43. Rxe4 $3 dxe4 (43... Rh7 44. a7) 44. b6+ $1 {[%emt 0:00:00][%mdl 64] Discovered Attack} Kf4 45. bxa7 Ra8 {[%emt 0:02:19][%mdl 32768] Weighted Error Value: White=0.18 (very precise) /Black=0.32. An unexpected result.} 1/2-1/2

[Event "FIDE WSCC 50 2022"]
[Site "Assisi"]
[Date "2022.11.22"]
[Round "7.8"]
[White "Arakhamia-Grant, Ketevan"]
[Black "Bellia, Fabrizio"]
[Result "0-1"]
[ECO "C60"]
[WhiteElo "2327"]
[BlackElo "2398"]
[Annotator "TA"]
[PlyCount "90"]
[EventDate "2022.11.14"]
[EventType "swiss"]
[EventCountry "ITA"]
[SourceTitle "playchess.com"]
[Source "ChessBase"]
[SourceQuality "1"]
[TimeControl "40/5400+30:1800+30"]

1. e4 e5 2. Nf3 Nc6 3. Bb5 a6 4. Ba4 d6 5. O-O Bd7 6. c3 g6 7. d4 Bg7 8. h3 Nf6 9. Re1 O-O 10. Nbd2 Re8 {[%emt 0:01:16] C60: Ruy Lopez: Unusual Black 3rd moves and 3...g6.} 11. Bc2 b5 12. Nf1 Na5 {[%emt 0:00:33] The position is equal.} 13. Ng3 {[%emt 0:00:20] is recently more successful than 13.b3.} c5 14. d5 Nc4 15. b3 Nb6 16. Bg5 h6 17. Be3 {[%emt 0:00:08] [#]} c4 $146 ({Predecessor:} 17... a5 18. Qd2 Kh7 19. Nh2 a4 20. f4 exf4 21. Bxf4 Qc7 22. Rac1 axb3 23. axb3 Ra2 {0-1 (29) Dominguez Perez,L (2754)-Caruana,F (2776) Saint Louis 2022}) 18. b4 a5 19. a3 Qc7 20. Qd2 Kh7 21. Nh2 Ra6 22. Rf1 Rea8 23. Rac1 axb4 24. axb4 Ra2 25. f4 {[%emt 0:01:07] And now fxe5 would win.} Be8 26. fxe5 dxe5 27. Rf2 Ra1 28. Bb1 R8a3 {[%emt 0:02:27] Threatens to win with ...Na4.} 29. Nf3 $2 (29. Qe1 $11) 29... Na4 $1 $19 30. d6 Qd8 31. Nxe5 $2 {[%emt 0:02:22] [#]} (31. Rff1 $17) 31... Nxc3 $1 32. Bc2 {[%emt 0:02:48] [#]} Rxc1+ (32... Nfxe4 $142 $1 33. Nxe4 Bxe5 34. Rxa1 (34. d7 $2 Nxe4 35. dxe8=Q Qxe8 $19) 34... Rxa1+ 35. Rf1 Nxe4 36. Bxe4 Bh2+ $1 37. Kxh2 Rxf1) 33. Qxc1 Ra6 (33... Qa8 $19 34. Qd2 Nfxe4 35. Nxe4 Nxe4 36. Bxe4 Qxe4) 34. Nf3 $2 {[%emt 0:04:29][%mdl 8192] [#]} (34. Nxf7 $1 $11 Bxf7 35. e5) 34... Nfxe4 $2 35. Nxe4 $16 Nxe4 36. Bxe4 {[%emt 0:00:40] Bc5 is the strong threat.} Ra1 {[%emt 0:00:17] [#]} 37. Qxa1 Bxa1 $19 38. Bc5 Qd7 39. Re2 Bf6 40. g4 (40. Re1 $142) 40... Qc8 {[%emt 0:02:50] Black is clearly winning.} 41. Kf2 Bc6 42. Kg3 Bxe4 43. Rxe4 c3 {[%emt 0:00:35] Strongly threatening ...c2.} 44. Re2 Qc6 45. h4 g5 {[%emt 0:01:45] Weighted Error Value: White=0.57/Black=0.28 (precise)} 0-1

[Event "FIDE WSCC 50 2022"]
[Site "Assisi"]
[Date "2022.11.22"]
[Round "7.9"]
[White "de Francesco, Klaus"]
[Black "Jhunjhnuwala, Krishan"]
[Result "1/2-1/2"]
[ECO "B23"]
[WhiteElo "2171"]
[BlackElo "2326"]
[Annotator "TA"]
[PlyCount "57"]
[EventDate "2022.11.14"]
[EventType "swiss"]
[EventCountry "ITA"]
[SourceTitle "playchess.com"]
[Source "ChessBase"]
[SourceQuality "1"]
[TimeControl "40/5400+30:1800+30"]

1. e4 c5 2. Nc3 Nc6 3. f4 e6 4. Nf3 d6 5. Bb5 Nge7 6. O-O {[%emt 0:01:40] B23: Closed Sicilian: Lines without g3.} a6 7. Be2 Nd4 8. d3 Nec6 {[%emt 0:00:38] [#]} 9. Be3 $146 ({Predecessor:} 9. f5 Be7 10. fxe6 fxe6 11. Nxd4 Nxd4 12. Bh5+ g6 13. Bg4 h5 14. Be2 Rf8 15. Rxf8+ Bxf8 {½-½ (37) Bukharin,A (1850)-Laczay,I (1906) IECG email 2006}) 9... Be7 10. Rc1 Bf6 11. Qe1 O-O 12. Qg3 (12. Bf2 $11) 12... Bd7 (12... Qb6 $17 13. Bxd4 cxd4) 13. Bd1 $11 Rc8 14. Kh1 Nxf3 15. Bxf3 b5 16. f5 (16. Qf2 $11) 16... b4 $17 {[%emt 0:04:26] ...Be5 is the strong threat.} 17. fxe6 (17. Nd1 $17 {was worth a try.}) 17... fxe6 (17... Bxe6 $19 {is more deadly.} 18. Nd5 Bxb2) 18. Ne2 (18. Nd1 $17 {was called for.}) 18... Bxb2 19. Qxd6 Bxc1 20. Rxc1 {[%emt 0:01:07] [#]} e5 $1 21. Qd5+ Kh8 22. Bxc5 Rf6 23. d4 (23. a3 $17) 23... Nxd4 (23... Qe8 $19 {And now ...Be6 would win.} 24. Qb3 exd4 25. Nxd4 a5) 24. Nxd4 exd4 25. Bxd4 {[%emt 0:01:12] [#]} (25. Bxb4 $17 Rfc6 26. Qxd4) 25... Rf8 (25... Rfc6 $1 $19 {and Black stays clearly on top. White must now prevent ...Be6.} 26. e5 Qe8) 26. Bc5 Bc6 27. Qh5 (27. Qxd8 $17 Rfxd8 28. Bxb4) 27... Re8 28. Bg4 Bxe4 (28... Bd7 $19 {Threatens to win with ...Bxg4.} 29. Bxd7 Qxd7 30. Bxb4 Rxe4) 29. Bxc8 {[%emt 0:03:49] Weighted Error Value: White=0.41/Black=0.35} 1/2-1/2

[Event "FIDE WSCC 50 2022"]
[Site "Assisi"]
[Date "2022.11.22"]
[Round "7.10"]
[White "Calzetta Ruiz, Monica"]
[Black "Vinter-Schou, Uffe"]
[Result "0-1"]
[ECO "B82"]
[WhiteElo "2244"]
[BlackElo "2375"]
[Annotator "TA"]
[PlyCount "60"]
[EventDate "2022.11.14"]
[EventType "swiss"]
[EventCountry "ITA"]
[SourceTitle "playchess.com"]
[Source "ChessBase"]
[SourceQuality "1"]
[TimeControl "40/5400+30:1800+30"]

1. e4 c5 2. Nc3 a6 3. Nf3 e6 4. d4 cxd4 5. Nxd4 Qc7 6. Bd3 Nf6 7. Qe2 d6 8. f4 {[%emt 0:04:11] 8.f4 scores better than 8.0-0.} Nbd7 {[%emt 0:01:13] B82: Sicilian Scheveningen: 6 f4.} 9. g4 {[%emt 0:10:25] Black should prevent g5.} h6 10. Bd2 Be7 {[%emt 0:00:42] The position is equal.} 11. h4 Nc5 12. O-O-O {[%emt 0:12:31] [#] Threatening g5.} Nxd3+ $146 ({Predecessor:} 12... h5 13. g5 Ng4 14. Kb1 b5 15. Rde1 Bb7 16. Rhf1 Nxd3 17. cxd3 Qb6 18. Nf3 b4 {1-0 (42) Grover,S (2492)-Hejazipour,M (2269) Abu Dhabi 2014}) 13. cxd3 {[%emt 0:02:15] [#] Threatens to win with g5.} b5 {[%emt 0:07:18][%cal Bb7b5,Bb5b4][%mdl 32] Strongly threatening ...b4.} 14. g5 {[%emt 0:09:56] Against b4} (14. Kb1 $11) 14... b4 $1 $15 15. gxf6 Bxf6 16. Qe3 Qc5 {[%emt 0:04:07][%mdl 64] [#] Pin} (16... Rb8 $5) 17. Nxe6 Bxe6 18. Qxc5 dxc5 19. Na4 Bxa2 {[%emt 0:00:38] This pair of bishops is nice.} 20. Kc2 {[%emt 0:01:51] Inhibits Bb3+. Black must now prevent b3.} c4 $36 {[%emt 0:25:13][%mdl 2048] Prevents b3. White is under pressure.} 21. dxc4 Bxc4 {[%emt 0:00:08] Hoping for ...Rc8.} 22. Bxb4 $2 {[%emt 0:00:43] Loses the game.} ({White should play} 22. e5 $15 Bd8 23. Bxb4) 22... Rb8 $19 23. e5 {[%emt 0:02:05] Kc3 is the strong threat.} Rxb4 (23... Be7 24. Bxe7 Bb3+ 25. Kc3 Bxd1 26. Bd6 Rc8+ 27. Nc5 $17) 24. exf6 O-O ({Weaker is} 24... Rxa4 25. Rhe1+ Be6 26. fxg7 $11) 25. Nc5 Rc8 ({Stronger than} 25... gxf6 26. Kc3 a5 27. Rd4 $11) 26. Rhg1 $2 (26. Nd3 {was the only chance.} Rb6 27. Kb1) 26... g6 (26... Rxc5 $2 {leads to mate.} 27. Rxg7+ Kh8 28. Rd8#) 27. Kc3 $2 (27. Nd3 Bxd3+ 28. Kxd3) 27... a5 {[%emt 0:00:04] Black is clearly winning.} 28. f5 Bb3 29. Rd7 Rxc5+ 30. Kd2 Rxf5 {[%emt 0:00:26] Weighted Error Value: White=0.65/Black=0.15 (very precise)} 0-1

[Event "FIDE WSCC 50 2022"]
[Site "Assisi"]
[Date "2022.11.22"]
[Round "7.11"]
[White "Prie, Eric"]
[Black "Kantorik, Marian"]
[Result "1/2-1/2"]
[ECO "A47"]
[WhiteElo "2356"]
[BlackElo "2171"]
[Annotator "TA"]
[PlyCount "115"]
[EventDate "2022.11.14"]
[EventType "swiss"]
[EventCountry "ITA"]
[SourceTitle "playchess.com"]
[Source "ChessBase"]
[SourceQuality "1"]
[TimeControl "40/5400+30:1800+30"]

1. d4 Nf6 2. Bf4 e6 3. e3 b6 4. Nf3 Bb7 5. Bd3 Nh5 6. Bg5 {[%emt 0:00:08] A47: 1 d4 Nf6 2 Nf3 b6: Torre, London and Colle Systems.} Be7 7. Bxe7 Qxe7 8. O-O O-O 9. c4 f5 10. Nc3 Nf6 11. Rc1 {[%emt 0:03:36] [#]} a6 $146 ({Predecessor:} 11... Ne4 12. Bxe4 fxe4 13. Nd2 d5 14. cxd5 exd5 15. Qb3 c6 16. Ndxe4 Ba6 17. Nxd5 cxd5 18. Qxd5+ Kh8 19. Qxa8 Bxf1 20. Kxf1 Qd7 21. Kg1 Qf5 22. Qb7 Nd7 23. Rc8 {1-0 (23) Fee,K (1854)-Wilshusen,H (1314) ICCF email 2020}) 12. a3 d6 13. d5 exd5 14. cxd5 ({But not} 14. Bxf5 $6 dxc4 15. Ng5 Nbd7 $11) 14... g6 15. Re1 Nbd7 16. e4 fxe4 17. Nxe4 Ne5 18. Nxe5 dxe5 19. d6 cxd6 20. Bc4+ Kg7 21. Qxd6 {[%emt 0:01:22] White is more active.} Rae8 22. Qxe7+ (22. Bxa6 $5 Qxd6 23. Nxd6 Bxa6 24. Nxe8+ Rxe8 25. Rc6 $14) 22... Rxe7 23. Nd6 b5 24. Nxb7 Rxb7 25. Be6 e4 26. Rc6 a5 27. g4 h6 28. Rd1 Nh7 29. h4 {[%emt 0:01:27] Inhibits Ng5.} Rf4 30. Kg2 {[%emt 0:09:05] The position is equal.} Nf8 31. Bc8 Rbf7 32. Rd2 b4 33. a4 h5 34. Rc5 hxg4 35. Rxa5 Rc7 {[%emt 0:00:33] Against Rc5} 36. Ra8 b3 {[%emt 0:02:49] Hoping for ...Rc2.} 37. Ba6 e3 38. fxe3 Rxa4 39. Rc8 Rxc8 ({Don't do} 39... Rc2 40. Rdxc2 bxc2 41. Bd3 $16) 40. Bxc8 $11 {[%emt 0:00:12][%mdl 4096] Endgame KRB-KRN} Rc4 41. Bb7 Rc2 42. Rf2 Nd7 43. Bd5 Nc5 {[%emt 0:00:00] [#] ...Nd3 is the strong threat.} 44. Kg3 Rxf2 45. Kxf2 {[%emt 0:00:00] KB-KN} Nd3+ 46. Kg3 Nxb2 47. Bxb3 Nd3 48. Kxg4 Kf6 49. Ba2 Ne5+ 50. Kf4 Nd3+ 51. Ke4 Ne5 52. Kd5 Nf3 53. e4 Ke7 54. e5 Nxh4 55. Ke4 g5 56. Bd5 Ng6 57. Kf5 Nxe5 58. Ke4 {[%emt 0:10:08] Weighted Error Value: White=0.04 (flawless) /Black=0.04 (flawless)} 1/2-1/2

[Event "FIDE WSCC 50 2022"]
[Site "Assisi"]
[Date "2022.11.22"]
[Round "7.12"]
[White "Cummings, David H."]
[Black "Meessen, Rudolf"]
[Result "1/2-1/2"]
[ECO "A42"]
[WhiteElo "2318"]
[BlackElo "2158"]
[Annotator "TA"]
[PlyCount "37"]
[EventDate "2022.11.14"]
[EventType "swiss"]
[EventCountry "ITA"]
[SourceTitle "playchess.com"]
[Source "ChessBase"]
[SourceQuality "1"]
[TimeControl "40/5400+30:1800+30"]

1. c4 g6 2. e4 Bg7 3. d4 d6 4. Nc3 e5 5. d5 a5 6. Bd3 Na6 {[%emt 0:00:05] A42: Modern Defence: Averbakh Variation.} 7. a3 Bd7 {[%emt 0:00:42] [#]} 8. h3 $146 ({Predecessor:} 8. Bc2 Ne7 9. Nf3 O-O 10. O-O f5 11. Rb1 f4 12. b4 Kh8 13. Na4 axb4 14. axb4 {½-½ (60) Matei,C (2356)-Szymanski,R (2377) ICCF email 2019}) 8... Nc5 {[%emt 0:28:52] The position is equal.} 9. Bc2 f5 10. exf5 gxf5 11. Qh5+ Kf8 12. Bxf5 ({White should try} 12. Be3 $14) 12... Nf6 $15 13. Qg5 {[%emt 0:01:24] [#] aiming for Bc2.} Nb3 (13... Nxd5 $1 $15 {keeps the upper hand.} 14. Bxd7 (14. Nxd5 Qxg5 15. Bxg5 Bxf5 $17) 14... Qxg5 15. Bxg5 Nxc3 16. bxc3 Nxd7) 14. Rb1 $16 Nxc1 15. Rxc1 {[%emt 0:13:42] Strongly threatening Bxd7.} Nxd5 $1 {[%emt 0:02:30] White is slightly better.} 16. Qxd8+ Rxd8 17. Bxd7 Nxc3 18. Bf5 Na4 19. b3 {[%emt 0:04:02] Weighted Error Value: White=0.17 (very precise) /Black=0.24 (precise)} (19. Ne2 $14 {was preferrable.}) 1/2-1/2

[Event "FIDE WSCC 50 2022"]
[Site "Assisi"]
[Date "2022.11.22"]
[Round "7.13"]
[White "Rewitz, Poul"]
[Black "Rocha, Sergio"]
[Result "1-0"]
[ECO "A37"]
[WhiteElo "2172"]
[BlackElo "2316"]
[Annotator "TA"]
[PlyCount "91"]
[EventDate "2022.11.14"]
[EventType "swiss"]
[EventCountry "ITA"]
[SourceTitle "playchess.com"]
[Source "ChessBase"]
[SourceQuality "1"]
[TimeControl "40/5400+30:1800+30"]

1. g3 c5 2. Bg2 Nc6 3. d3 e5 4. c4 g6 5. Nc3 Bg7 6. Nf3 Nge7 7. Nd2 d6 {[%emt 0:01:33] A37: Symmetrical English vs ...g6: 4 Bg2 Bg7 5 Nf3.} 8. Nf1 O-O 9. Ne3 Be6 {[%emt 0:00:18] The position is equal.} 10. Ned5 Qd7 11. Rb1 f5 {[%emt 0:09:42] [#]} (11... Bh3 $5 12. Nxe7+ Nxe7 $11) 12. Bg5 $146 ({Predecessor:} 12. Bd2 Bxd5 13. Nxd5 Nxd5 14. Bxd5+ Kh8 15. b4 Rab8 16. bxc5 dxc5 17. O-O f4 18. Bc3 {1-0 (68) Shishkov,M (2268)-Kuhn,C (2150) Chess.com INT 2020}) 12... Rae8 13. O-O Nc8 14. Qd2 f4 15. gxf4 Bh3 $1 16. Bxh3 Qxh3 17. Ne4 $36 {[%emt 0:01:15][%mdl 2048] White fights for an advantage.} exf4 (17... Nb6 $1 $11) 18. f3 $14 Nd4 (18... Bd4+ 19. Kh1 $16) 19. Rbe1 Re5 (19... Rxe4 $142 20. dxe4 Ne6) 20. Bxf4 $16 Rh5 21. Bg3 ({Wrong is} 21. Nxd6 $2 Bh6 22. e3 Bxf4 23. Nxf4 Rxf4 24. exf4 (24. exd4 $2 Rg5+ 25. Kh1 Nxd6 $19) 24... Nxd6 $19) ({White should try} 21. Rf2 $1) 21... Bh6 {[%emt 0:07:07] [#]} 22. f4 $1 {[%emt 0:01:25] aiming for Ndf6+. The board is on fire.} Bg7 {[%emt 0:00:29] Against Ndf6+} 23. e3 Nc6 24. a3 Qe6 25. b4 b6 (25... cxb4 $16 26. axb4 N6e7) 26. b5 $18 N6e7 27. Nxe7+ (27. Ng5 $18 Qd7 28. e4 (28. Qg2 h6 $16)) 27... Nxe7 $16 {[%emt 0:00:17] [#]} 28. Ng5 $1 Qf6 29. e4 h6 (29... Kh8 {was necessary.} 30. h4 h6) 30. Nf3 $18 Rd8 31. a4 Nc8 32. a5 Qe6 33. Re2 Rf8 34. Rg2 Kh7 35. axb6 axb6 36. Qc1 Rf7 37. Ra2 Qg4 38. Ra8 Rh3 39. Kg2 {[%emt 0:00:47] Threatens to win with Qd1.} Bf6 $2 (39... Rh5 {is tougher.} 40. h4 Rf8) 40. f5 {[%emt 0:02:22] White is clearly winning.} Ne7 41. Qf4 Qh5 (41... gxf5 $142 42. Qxg4 fxg4) 42. fxg6+ Nxg6 43. Qf5 Rg7 44. Qxf6 Rxh2+ 45. Nxh2 Nh4+ 46. Kh1 {[%emt 0:01:01] Weighted Error Value: White=0.20 (precise) /Black=0.40} 1-0

[Event "FIDE WSCC 50 2022"]
[Site "Assisi"]
[Date "2022.11.22"]
[Round "7.14"]
[White "Tereladze, Sopio"]
[Black "Berend, Fred"]
[Result "1-0"]
[ECO "D00"]
[WhiteElo "2154"]
[BlackElo "2294"]
[Annotator "TA"]
[PlyCount "68"]
[EventDate "2022.11.14"]
[EventType "swiss"]
[EventCountry "ITA"]
[SourceTitle "playchess.com"]
[Source "ChessBase"]
[SourceQuality "1"]
[TimeControl "40/5400+30:1800+30"]

1. d4 Nf6 2. Bg5 d5 3. Bxf6 gxf6 4. c4 c5 5. cxd5 Qxd5 6. Nf3 {[%emt 0:07:35] D00: 1 d4 d5: Unusual lines.} cxd4 7. Nc3 Qa5 8. Nxd4 {[%emt 0:01:15] The position is equal.} Bg7 9. e3 O-O 10. Bd3 {[%emt 0:01:26] [#]} f5 $146 ({Predecessor:} 10... Rd8 11. O-O f5 12. Qh5 e6 13. Rad1 Qe5 14. Nf3 Qf6 15. e4 Nc6 16. Rfe1 Qg6 17. Qh4 Qg4 18. exf5 Qxh4 19. Nxh4 Bf6 20. g3 {½-½ (20) Wells,P (2481)-Sulskis,S (2578) Port Erin 2003}) 11. Qh5 e6 (11... Nc6 $11) 12. g4 {[%emt 0:02:02] White is more active.} Nc6 13. gxf5 (13. O-O-O $16) 13... Nxd4 $11 14. exd4 exf5 15. O-O-O {[%emt 0:01:01] [#] aiming for Rhg1.} Rd8 $2 (15... Kh8 $11) 16. Rde1 $2 (16. Bc4 Qb6 17. Rhg1 (17. Qxf7+ Kh8 $16) 17... Qf6 $18) ({Better is} 16. Rhg1 $18 {Threatening mate with Qg5.} Rd6 17. Bc4) 16... Be6 17. Rhg1 {[%emt 0:03:42] Intending Qg5 and mate.} Rac8 $2 {[%emt 0:04:01][%mdl 8192] Black is now going downhill.} (17... Rdc8 $1 $11 18. Rxg7+ (18. Bc2 Rxc3 19. bxc3 Qxc3 $11) 18... Kxg7 19. Qg5+ Kf8 20. Qh6+ Ke7) 18. Bc2 $40 {[%emt 0:18:10][%mdl 128] White threatens Qg5 and mate. White has strong attack. Chess con chili.} Rxc3 $2 (18... Qb6) 19. bxc3 {[%emt 0:01:00] [#] Threatens to win with Re3.} ({Weaker is} 19. Rxg7+ Kxg7 20. Qg5+ (20. bxc3 Rc8 $11) 20... Kf8 21. bxc3 Rc8 22. Rxe6 (22. Qh6+ Ke7 $11) 22... fxe6 23. Qf6+ Ke8 24. Qxe6+ Kd8 $11) 19... Rc8 20. Qg5 Qa3+ 21. Kd1 Qf8 22. Re3 f6 23. Qxg7+ Qxg7 24. Rxg7+ Kxg7 25. Rxe6 {[%emt 0:00:01][%mdl 4096] Endgame KRB-KR} Kg6 26. Kd2 Rc7 27. f4 Rd7 28. Kd3 Kf7 29. Bb3 Kg6 30. d5 b5 31. d6 a5 32. Kd4 Rd8 33. Bd5 b4 34. cxb4 axb4 {[%emt 0:15:25] Weighted Error Value: White=0.77/Black=0.68} 1-0